 Dungeon Crawl Stone Soup version 0.17-a0-1572-g7a1422d (webtiles) character file.

58 JohnySteed the Ruffian (level 3, -2/36 HPs)
             Began as a Troll Monk on July 25, 2015.
             Slain by Crazy Yiuf
             ... wielding a +2 quarterstaff of chaos
              (13 damage)
             ... while paralysed by Crazy Yiuf
             ... on level 2 of the Dungeon.
             The game lasted 00:03:09 (979 turns).

JohnySteed the Ruffian (Troll Monk)                  Turns: 979, Time: 00:03:10

Health: -2/36      AC:  5    Str: 19    XL:     3   Next: 76%
Magic:  2/2        EV:  1    Int:  6    God:
Gold:   138        SH:  0    Dex: 13    Spells: 0 memorised, 2 levels left

rFire  . . .     SeeInvis .       - Unarmed
rCold  . . .     Clarity  .     a - +0 robe
rNeg   . . .     SustAt   .     (no shield)
rPois  .         Gourm    +     (helmet restricted)
rElec  .         Spirit   .     (no cloak)
rCorr  .         Warding  .     (gloves unavailable)
rMut   .         Stasis   .     (boots unavailable)
MR     .....                    (no amulet)
Stlth  +.........               (no ring)
                                (no ring)

@: paralysed, slowed, not resistant to hostile enchantments, very unstealthy
A: unfitting armour, claws 3, fast metabolism 3, gourmand, regeneration 2,
shaggy fur 1, tough skin 2
a: no special abilities


You were on level 2 of the Dungeon.
You were very full.

You visited 1 branch of the dungeon, and saw 2 of its levels.

You collected 138 gold pieces.

Inventory:

Armour
 a - a +0 robe (worn)
 m - a +0 cloak
Scrolls
 d - a scroll of immolation {unknown}
 e - 2 scrolls of fear {unknown}
 g - a scroll of identify {unknown}
 i - a scroll of remove curse {unknown}
 l - 2 scrolls of enchant armour {unknown}
 o - a scroll of random uselessness {unknown}
 p - a scroll of noise {unknown}
Potions
 c - a potion of agility {unknown}
 h - 2 potions of might {unknown}
 n - a potion of mutation {unknown}
 q - a potion of flight {unknown}
Comestibles
 b - 3 bread rations
 f - a slice of pizza
 j - 2 meat rations
 k - 2 fruits


   Skills:
 + Level 2.9 Fighting
 + Level 2.8 Dodging
 - Level 1.1 Stealth
 + Level 4.7 Unarmed Combat


You had 2 spell levels left.
You didn't know any spells.

Dungeon Overview and Level Annotations

Branches:
Dungeon (2/15)

Altars:

Annotations:
D:2 Crazy Yiuf


Innate Abilities, Weirdness & Mutations

You are too large for most types of armour.
You have claws for hands.
Your metabolism is lightning-fast.
You like to eat raw meat.
You heal very quickly.
You are covered in fur (AC +1).
You have very tough skin (AC +2).


Message History

Crazy Yiuf is lightly wounded.
Crazy Yiuf cries, "You leg down broken song, no?"
Crazy Yiuf barely misses you.
You claw Crazy Yiuf!
Crazy Yiuf is almost dead.
You scratch Crazy Yiuf but do no damage.
Crazy Yiuf is almost dead.
Crazy Yiuf barely misses you.
You scratch Crazy Yiuf but do no damage.
Crazy Yiuf is almost dead.
Crazy Yiuf hits you with a quarterstaff of chaos!
You suddenly lose the ability to move!
Crazy Yiuf hits you with a quarterstaff of chaos.
Crazy Yiuf hits you but does no damage.
You feel yourself slow down.
Crazy Yiuf hits you with a quarterstaff of chaos.
Crazy Yiuf freezes you. Crazy Yiuf hits you but does no damage.
Space bends around you.
* * * LOW HITPOINT WARNING * * *
Crazy Yiuf hits you with a quarterstaff of chaos!
You die...

....##..## #.##.#..#...##.##.#.
##..##..# #.##.#..#...##......
#..##..######.##.#..#...........
#..##..##.......................
#..##..##############...........
##..##..#### #...##..#.#.
...........# ##### #.......#.#.
........÷..# #.g)# #...........
##......#.## #.@.# #...#..#.##.
#.#.#..#.## #...# #...........
#.........# ##.## ...........
###.##.#.## ♣♣.♣ ##..#.#..
#.##.#.## ♣.♣♣ ####.(#.#..
#.##....# ♣♣.♣ ...........
#.##.#.## ♣.♣♣ ######.#.. #
#.#.# ♣♣.♣♣ #.#.. ###.##.#.#
♣.PP♣♣ #.#..


You could see Crazy Yiuf (bleeding).

Vanquished Creatures
  3 adders (D:2)
  An ooze (D:1)
  2 giant cockroaches
  2 goblins (D:1)
  7 hobgoblins
  2 bats
  3 giant newts (D:1)
  4 kobolds
  4 rats
28 creatures vanquished.

Vanquished Creatures (others)
  5 toadstools (D:1)
5 creatures vanquished.

Grand Total: 33 creatures vanquished

Notes
Turn   | Place    | Note
--------------------------------------------------------------
     0 | D:1      | JohnySteed the Troll Monk began the quest for the Orb.
     0 | D:1      | Reached XP level 1. HP: 22/22 MP: 0/0
    37 | D:1      | Reached XP level 2. HP: 25/29 MP: 1/1
   799 | D:2      | Reached XP level 3. HP: 26/36 MP: 2/2
   964 | D:2      | Noticed Crazy Yiuf
   973 | D:2      | Paralysed by Crazy Yiuf for 6 turns
   979 | D:2      | Slain by Crazy Yiuf

Vault maps used:
D:1:      ldierk_walled_garden
D:2:      first_bread, uniq_crazy_yiuf_cottage

Action                   || total
-------------------------++-------
Melee: Unarmed           ||    68
 Stab: Sleeping          ||     4
  Eat: Chunk             ||    12
